 Dungeon Crawl Stone Soup version 0.27.1-3-gb3d3a73c9e (webtiles) character file.

Game seed: 11266109216536140339

23681 jjjjhere the Thaumaturge (level 12, -2/72 HPs)
             Began as a Deep Elf Air Elementalist on Oct 24, 2021.
             Was a Priest of Sif Muna.
             Slain by a manticore (11 damage)
             ... on level 3 of the Lair of Beasts on Oct 30, 2021.
             The game lasted 00:37:58 (21127 turns).

jjjjhere the Thaumaturge (DEAE)                    Turns: 21127, Time: 00:37:58

Health: -2/72      AC:  6    Str:  5    XL:     12   Next: 74%
Magic:  5/31       EV: 16    Int: 26    God:    Sif Muna [***...]
Gold:   922        SH:  4    Dex: 15    Spells: 6/38 levels left

rFire    . . .     SeeInvis .   q - +0 whip (elec)
rCold    . . .     Faith    .   t - +0 buckler
rNeg     . . .     Spirit   .   a - +0 robe
rPois    .         Reflect  .   J - +2 hat
rElec    .         Harm     .   (no cloak)
rCorr    .         Rampage  .   (no gloves)
Will     +....                  o - +1 pair of boots
Stlth    ++........             (no amulet)
HPRegen  0.22/turn              C - +4 ring of slaying
MPRegen  0.22/turn              u - ring of wizardry

@: channeling
A: no striking features
a: Renounce Religion, Channel Magic, Forget Spell


You were on level 3 of the Lair of Beasts.
You worshipped Sif Muna.
Sif Muna was most pleased with you.
You visited 3 branches of the dungeon, and saw 15 of its levels.

You collected 922 gold pieces.

Inventory:

Hand Weapons
 g - a +0 dagger
 i - a +1 vorpal hand axe
 k - a +2 short sword of venom
 q - a +0 whip of electrocution (weapon)
Missiles
 f - 58 poisoned darts
 m - 100 sling bullets
 n - 664 stones
 G - 7 curare-tipped darts (quivered)
Armour
 a - a +0 robe (worn)
 o - a +1 pair of boots (worn)
 t - a +0 buckler (worn)
 J - a +2 hat (worn)
Magical Staves
 v - a staff of death
Jewellery
 d - an amulet of faith
 l - an amulet of guardian spirit
 p - a +6 ring of strength
 u - a ring of wizardry (right hand)
 C - a +4 ring of slaying (left hand)
 F - an amulet of reflection
 I - a +4 ring of slaying
Wands
 B - a wand of flame (76)
 E - a wand of iceblast (10)
 S - a wand of charming (7)
Scrolls
 c - 2 scrolls of teleportation
 e - 2 scrolls of noise {unknown}
 x - 2 scrolls of enchant armour {unknown}
 y - 2 scrolls of enchant weapon {unknown}
 A - 3 scrolls of amnesia {unknown}
 H - 4 scrolls of magic mapping {unknown}
 N - a scroll of immolation {unknown}
 O - a scroll of fear {unknown}
 P - a scroll of fog {unknown}
 Q - a scroll of acquirement {unknown}
 R - a scroll of silence {unknown}
Potions
 b - a potion of ambrosia
 h - 3 potions of lignification
 j - 7 potions of heal wounds
 r - a potion of brilliance
 s - 3 potions of berserk rage
 w - 5 potions of might
 z - 5 potions of curing
 D - 3 potions of magic
 K - a potion of resistance {unknown}
 L - 4 potions of haste {unknown}
 M - a potion of cancellation {unknown}


   Skills:
 - Level 7.0 Fighting
 - Level 8.2 Dodging
 - Level 2.4 Stealth
 + Level 2.4 Shields
 - Level 13.6 Spellcasting
 + Level 9.0 Conjurations
 - Level 3.8 Hexes
 + Level 4.8 Summonings
 - Level 5.2 Fire Magic
 - Level 3.1 Ice Magic
 - Level 7.1 Air Magic
 - Level 8.7 Invocations


You had 6 spell levels left.
You knew the following spells:

 Your Spells              Type           Power      Damage    Failure   Level
a - Shock                 Conj/Air       100%       1d9       1%          1
b - Static Discharge      Conj/Air       56%        N/A       1%          2
c - Metabolic Englaciati  Hex/Ice        18%        N/A       10%         5
d - Airstrike             Air            26%        N/A       1%          4
e - Dazzling Flash        Conj/Hex       100%       N/A       1%          3
f - Animate Skeleton      Necr           34%        N/A       1%          1
g - Starburst             Conj/Fire      26%        6d8       12%         6
h - Spellforged Servitor  Conj/Summ      26%        N/A       56%         7
C - Swiftness             Air            53%        N/A       1%          3

Your spell library contained the following spells:

 Spells                   Type           Power      Damage    Failure   Level
 Foxfire                  Conj/Fire      100%       2x1d9     1%          1
 Magic Dart               Conj           100%       1d8       1%          1
 Pain                     Necr           68%        1d7       1%          1
 Call Imp                 Summ           43%        N/A       1%          2
 Conjure Flame            Conj/Fire      53%        6-21      1%          3
 Inner Flame              Hex/Fire       41%        N/A       1%          3
 Mephitic Cloud           Conj/Pois/Air  45%        N/A       1%          3
 Ozocubu's Armour         Ice            34%        N/A       1%          3
 Iskenderun's Battlesphe  Conj           60%        2d11      1%          5
 Iskenderun's Mystic Bla  Conj/Tloc      41%        2d9       2%          4
 Vampiric Draining        Necr           8%         2d7       4%          3
 Silence                  Hex/Air        23%        N/A       4%          5
 Iron Shot                Conj/Erth      20%        9d5       32%         6
 Agony                    Necr           17%        N/A       38%         5
 Simulacrum               Ice/Necr       12%        N/A       73%         6


Dungeon Overview and Level Annotations

Branches:
Dungeon (11/15)            Temple (1/1) D:6            Lair (3/6) D:9
 Shoals (0/4) Lair:3
  Snake: Lair:2-4    Spider: Lair:2-4       Orc: D:9-12

Altars:
Ashenzari
Cheibriados
Elyvilon
Fedhas
Hepliaklqana
Nemelex Xobeh
Okawaru
Qazlal
Ru
Sif Muna
Uskayaw
Vehumet
Wu Jian
Xom
Zin
The Shining One

Shops:
D:1 [   D:9 ?

Annotations:
D:5 Edmund
D:6 exclusion: oklob plant
Lair:3 exclusion: oklob plant


Message History

The barbed spikes become lodged in your body.
Casting: Airstrike (dangerous; 1% risk of failure)
Confirm with . or Enter, or press ? or * to list all spells.
Aiming: Airstrike (dangerous; 1% risk of failure)
Press: ? - help, Dir - move target, f/p - manticore
Aim: a manticore (moderately wounded)
The air twists around and strikes the manticore!
The manticore is heavily wounded.
Casting: Airstrike (dangerous; 1% risk of failure)
Confirm with . or Enter, or press ? or * to list all spells.
Aiming: Airstrike (dangerous; 1% risk of failure)
Press: ? - help, Dir - move target, f/p - manticore
Aim: a manticore (heavily wounded)
The air twists around and strikes the manticore!
The manticore is severely wounded.
The manticore bites you. The manticore misses you. The manticore claws you.
You fail to use your ability.
The manticore closely misses you. You block the manticore's attack.
The manticore closely misses you.
Casting: Airstrike (dangerous; 1% risk of failure)
Confirm with . or Enter, or press ? or * to list all spells.
You don't have enough magic to cast this spell.
Unknown command.
The manticore bites you!
* * * LOW HITPOINT WARNING * * *
The manticore claws you but does no damage.
The manticore claws you.
* * * LOW HITPOINT WARNING * * *
You block the manticore's attack. The manticore claws you.
* * * LOW HITPOINT WARNING * * *
You block the manticore's attack.
Casting: Airstrike (dangerous; 1% risk of failure)
Confirm with . or Enter, or press ? or * to list all spells.
Aiming: Airstrike (dangerous; 1% risk of failure)
Press: ? - help, Dir - move target, f/p - manticore
Aim: a manticore (severely wounded)
The air twists around and strikes the manticore!
The manticore is almost dead.
You carefully extract the barbed spikes from your body.
The manticore barely misses you. The manticore claws you!
You die...

..... ......................
.....###.#..#.#...............
......#.#.P.###...#.#.####..##
>.................#...#.###.##
..H...........................
..P........#...##.###.######..
.P...##...######### ### #####.
..........###..P#########.####
...........†H@................
####.####.###.######PP.#######
#.. ### ### ###P# ## ###


You could see a manticore.

Vanquished Creatures
  Snorg (D:11)
  4 hydras
  Erolcha (D:9)
  2 two-headed ogres (D:10)
  2 cyclopes (D:11)
  4 black mambas
  4 cane toads
  Psyche (D:9)
  4 komodo dragons
  2 rime drakes (Lair:2)
  A wind drake (Lair:3)
  2 slime creatures (D:11)
  4 blink frogs (Lair:2)
  A meliai zombie (D:10)
  Prince Ribbit (D:5)
  A vampire (D:9)
  A spriggan (D:9)
  2 wyverns
  2 wraiths (D:11)
  2 shadows
  11 yaks
  A basilisk (Lair:3)
  4 humans (D:7)
  3 fire bats (Lair:2)
  A steam dragon (D:9)
  Menkaure (D:7)
  An acid dragon (D:11)
  9 water moccasins
  An ice beast (D:5)
  4 orc warriors
  A necrophage (D:6)
  A sky beast (D:4)
  5 centaurs
  15 wolves
  3 ogres
  A phantom (D:6)
  3 kobold brigands
  9 bullfrogs
  2 wyvern skeletons
  9 killer bees
  10 wights
  A howler monkey (D:8)
  A bullfrog zombie (D:6)
  9 jellies
  2 hounds (D:6)
  5 centaur zombies
  6 orc priests
  A bullfrog skeleton (D:6)
  A centaur skeleton (D:6)
  3 iguanas
  7 orc wizards
  A killer bee zombie (D:7)
  A hound skeleton (D:5)
  A howler monkey skeleton (D:7)
  2 adders
  2 white imps
  2 ufetubi
  A worm (D:2)
  3 dart slugs
  28 orcs
  12 endoplasms
  A giant cockroach (D:1)
  9 hobgoblins
  3 quokkas
  5 ball pythons
  5 bats (D:2)
  3 frilled lizards
  11 goblins
  21 kobolds
  8 rats
  A spectral hobgoblin (D:2)
293 creatures vanquished.

Vanquished Creatures (others)
  33 fungi
  14 plants
47 creatures vanquished.

Grand Total: 340 creatures vanquished

Notes
Turn   | Place    | Note
-------+----------+-------------------------------------------
     0 | D:1      | jjjjhere the Deep Elf Air Elementalist began the quest for
                  | the Orb.
     0 | D:1      | Reached XP level 1. HP: 10/10 MP: 6/6
    38 | D:1      | Found Noocsina's Armour Emporium.
   329 | D:1      | Reached XP level 2. HP: 15/15 MP: 4/8
   663 | D:1      | Learned a level 2 spell: Static Discharge
  1258 | D:2      | Reached skill level 4 in Spellcasting
  1370 | D:2      | Reached XP level 3. HP: 18/19 MP: 8/10
  1379 | D:2      | Learned a level 3 spell: Swiftness
  1806 | D:2      | Found a faded altar of an unknown god.
  2506 | D:3      | Reached XP level 4. HP: 24/24 MP: 9/12
  2511 | D:3      | Learned a level 4 spell: Airstrike
  2815 | D:4      | Reached skill level 5 in Spellcasting
  2950 | D:4      | Learned a level 3 spell: Dazzling Flash
  3167 | D:4      | Noticed an ogre
  3170 | D:4      | Killed an ogre
  3171 | D:4      | Reached skill level 1 in Fighting
  3171 | D:4      | Reached XP level 5. HP: 29/29 MP: 1/15
  3286 | D:4      | Noticed a sky beast
  3292 | D:4      | Killed a sky beast
  3293 | D:4      | Reached skill level 6 in Spellcasting
  3293 | D:4      | Reached XP level 6. HP: 35/35 MP: 3/17
  3688 | D:4      | Found a shimmering altar of Xom.
  3688 | D:4      | Found a sparkling altar of Nemelex Xobeh.
  3689 | D:4      | Found a stormy altar of Qazlal.
  3699 | D:4      | Found a white marble altar of Elyvilon.
  4349 | D:5      | Entered Level 5 of the Dungeon
  4454 | D:5      | Noticed Prince Ribbit
  4459 | D:5      | Killed Prince Ribbit
  4460 | D:5      | Reached skill level 7 in Spellcasting
  4594 | D:5      | Noticed Edmund
  4603 | D:5      | HP: 6/31 [Edmund (6)]
  4732 | D:5      | Reached XP level 7. HP: 35/37 MP: 8/19
  5321 | D:5      | Reached skill level 8 in Spellcasting
  5848 | D:6      | Noticed an oklob plant
  5879 | D:6      | Reached skill level 9 in Spellcasting
  5880 | D:6      | Reached XP level 8. HP: 46/46 MP: 18/23
  6218 | D:6      | Reached skill level 5 in Conjurations
  6293 | D:6      | Reached skill level 10 in Spellcasting
  6382 | D:6      | Found a broken altar of Ashenzari.
  6754 | D:6      | Found a staircase to the Ecumenical Temple.
  6763 | Temple   | Entered the Ecumenical Temple
  6846 | Temple   | Became a worshipper of Sif Muna the Loreminder
  6989 | D:6      | Found a hazy altar of Hepliaklqana.
  7191 | D:6      | Reached skill level 5 in Dodging
  7749 | D:7      | Found a snail-covered altar of Cheibriados.
  7802 | D:7      | Reached XP level 9. HP: 28/52 MP: 5/25
  8127 | D:7      | Noticed Menkaure
  8129 | D:7      | Killed Menkaure
  8566 | D:7      | Reached skill level 11 in Spellcasting
  8647 | D:7      | Reached skill level 5 in Air Magic
  8801 | D:7      | Reached * piety under Sif Muna
  9218 | D:7      | Found a radiant altar of Vehumet.
  9471 | D:8      | Reached skill level 5 in Fighting
 10369 | D:9      | Reached XP level 10. HP: 59/59 MP: 18/27
 10552 | D:9      | Reached skill level 1 in Invocations
 11009 | D:9      | Noticed Psyche
 11036 | D:9      | Reached skill level 12 in Spellcasting
 11041 | D:9      | Killed Psyche
 11148 | D:9      | Reached ** piety under Sif Muna
 11256 | D:9      | Found Kair's Magic Scroll Shop.
 11266 | D:9      | Found a staircase to the Lair.
 11300 | D:9      | Noticed Erolcha
 11305 | D:9      | HP: 3/59 [Erolcha (31)]
 11306 | D:9      | Killed Erolcha
 12134 | Lair:1   | Entered Level 1 of the Lair of Beasts
 12134 | Lair:1   | Noticed an eight-headed hydra
 12174 | D:10     | Entered Level 10 of the Dungeon
 12174 | D:10     | Noticed a two-headed ogre
 12178 | D:10     | Killed a two-headed ogre
 12446 | D:10     | Learned a level 5 spell: Metabolic Englaciation
 12594 | D:10     | Reached skill level 1 in Hexes
 12594 | D:10     | Reached skill level 1 in Ice Magic
 12612 | D:10     | Identified the +6 chain mail of Burnt Happiness {rElec}
 13170 | D:10     | Noticed a two-headed ogre
 13175 | D:10     | Killed a two-headed ogre
 13176 | D:10     | Reached XP level 11. HP: 64/64 MP: 9/29
 13539 | D:11     | Noticed Snorg
 14030 | D:11     | Found a flagged portal.
 14048 | D:11     | Reached skill level 5 in Invocations
 14342 | D:11     | Noticed a skeletal warrior
 14342 | D:11     | Noticed a death knight
 14511 | D:11     | Learned a level 1 spell: Animate Skeleton
 14942 | D:11     | Reached skill level 13 in Spellcasting
 15288 | D:11     | Killed Snorg
 16437 | Lair:2   | Learned a level 6 spell: Starburst
 16468 | Lair:2   | Noticed a seven-headed hydra
 16510 | Lair:2   | Killed a seven-headed hydra
 16511 | Lair:2   | Reached skill level 1 in Fire Magic
 17447 | Lair:1   | Reached XP level 12. HP: 72/72 MP: 10/31
 17633 | Lair:2   | Reached *** piety under Sif Muna
 17865 | Lair:2   | Noticed a five-headed hydra
 17870 | Lair:2   | Killed a five-headed hydra
 18287 | Lair:2   | Noticed a seven-headed hydra
 18293 | Lair:2   | Killed a seven-headed hydra
 18294 | Lair:2   | Reached skill level 5 in Fire Magic
 18517 | Lair:2   | Learned a level 7 spell: Spellforged Servitor
 18527 | Lair:2   | Reached skill level 1 in Summonings
 19153 | Lair:1   | HP: 19/72 [eight-headed hydra (7)]
 19407 | Lair:1   | You fall into a shaft and drop 1 floor!
 20253 | Lair:1   | Killed an eight-headed hydra
 20254 | Lair:1   | Reached skill level 1 in Shields
 21109 | Lair:3   | Found a staircase to the Shoals.
 21125 | Lair:3   | HP: 19/72 [manticore (13)]
 21126 | Lair:3   | HP: 9/72 [manticore (4)]
 21127 | Lair:3   | Slain by a manticore

Illustrated notes

Levels and vault maps discovered:
D:1:      pf_arrival_petrified_forest, layout_basic, serial_shops,
          nicolae_square_shop
D:2:      layout_rooms, dreamdust_ecumenical_altar_drowned_temple
D:3:      layout_basic
D:4:      layout_basic, nicolae_overflow_quartered_altars, serial_glass,
          glass_columns_c, glass_columns_c
D:5:      layout_loops_ring, uniq_prince_ribbit1, uniq_edmund
D:6:      lemuel_slime, layout_gridville, mainiacjoe_overflow_alcove_2,
          minmay_temple_entry_glass, st_stairs_10, minmay_ruined_shrine
D:7:      layout_cave_pools, mainiacjoe_overflow_six_doors_small,
          mainiacjoe_overflow_chevrons, minmay_ruffians, uniq_menkaure
D:8:      layout_rooms
D:9:      layout_loops_ring, lair_entry_dummy, serial_shops, shop_statue,
          glass_columns_b, the_hattery, uniq_erolcha, uniq_psyche
D:10:     layout_big_octagon
D:11:     layout_grid_maze, orc_0_dummy, enter_bailey_5, uniq_snorg
Temple:   regret_index_temple_generic_petals
Lair:1:   layout_roguey, lemuel_fruit_tree
Lair:2:   layout_regular_city, nicolae_volcano_entry_batcave, minmay_hedge_maze,
          grunt_megastairs_5
Lair:3:   layout_long_grid, minmay_shoals_entry_beasts, serial_bayou_shore_b,
          infiniplex_staircase_pool, minmay_lair_oklob_chamber

Skill      XL: |  1  2  3  4  5  6  7  8  9 10 11 12 |
---------------+-------------------------------------+-----
Spellcasting   | 4 5 6 7 9 10 11 12 13 | 13.6
Air Magic      | 4 6 7 |  7.1
Fighting       | 1 2 3 4 5 7 |  7.0
Conjurations   | 2 3 4 5 6 9 |  9.0
Dodging        | 3 5 7 8 |  8.2
Invocations    | 4 7 8 |  8.7
Hexes          | 3 |  3.8
Ice Magic      | 2 3 |  3.1
Fire Magic     | 3 5 |  5.2
Summonings     | 4 |  4.8
Shields        | 2 |  2.4
Stealth        | |  2.4

Action                   |  1- 3 |  4- 6 |  7- 9 | 10-12 || total
-------------------------+-------+-------+-------+-------++-------
Melee: Whip              |       |       |     7 |    17 ||    24
Throw: Dart              |       |       |       |     4 ||     4
 Cast: Shock             |   109 |    23 |    46 |     3 ||   181
       Static Discharge  |     2 |       |       |       ||     2
       Airstrike         |       |    17 |   129 |   366 ||   512
       Dazzling Flash    |       |     2 |       |     2 ||     4
       Swiftness         |       |     1 |     1 |     2 ||     4
       Metabolic Englaci |       |       |       |     3 ||     3
       Starburst         |       |       |       |     2 ||     2
Invok: Channel Magic     |       |       |     1 |     6 ||     7
  Use: Scroll            |       |     6 |     1 |     8 ||    15
       Potion            |       |     1 |       |       ||     1
Armor: Robe              |     3 |     1 |    20 |    24 ||    48
Dodge: Dodged            |     5 |     6 |    35 |   119 ||   165
Block: Buckler           |       |       |       |     4 ||     4
